 Dungeon Crawl Stone Soup version 0.24.0-1-gfbc8707 (webtiles) character file.

Game seed: 3951598244597023912, levelgen mode: deterministic

23087 Faca the Severer (level 13, -3/125 HPs)
             Began as a Hill Orc Fighter on Nov 1, 2019.
             Was a High Priest of Beogh.
             Slain by a meliai zombie (5 damage)
             ... on level 12 of the Dungeon.
             The game lasted 00:26:03 (12484 turns).

Faca the Severer (Hill Orc Fighter)                Turns: 12484, Time: 00:26:05

Health: -3/125     AC: 16    Str: 24    XL:     13   Next: 4%
Magic:  13/13      EV:  7    Int:  8    God:    Beogh [*****.]
Gold:   236        SH: 15    Dex: 10    Spells: 12/12 levels left

rFire    . . .     SeeInvis .   x - +3 war axe (chop)
rCold    . . .     Gourm    .   c - +0 shield
rNeg     . . .     Faith    .   p - +0 chain mail
rPois    .         Spirit   .   n - +2 helmet
rElec    .         Reflect  +   m - +0 cloak
rCorr    .         Harm     .   (no gloves)
MR       +....                  (no boots)
Stlth    ..........             B - +3 amulet of reflection
HPRegen  0.30/turn              w - +5 ring of slaying
MPRegen  0.13/turn              E - ring of protection from magic

@: no status effects
A: walk on water
a: Smiting, Recall Orcish Followers, Give Item to Named Follower, Renounce
Religion


You were on level 12 of the Dungeon.
You worshipped Beogh.
Beogh was extremely pleased with you.
You were not hungry.

You visited 2 branches of the dungeon, and saw 13 of its levels.

You collected 688 gold pieces.
You spent 452 gold pieces at shops.

Inventory:

Hand Weapons
 x - a +3 war axe of chopping (weapon)
 L - a +4 morningstar
Missiles
 o - 3 boomerangs (quivered)
 F - 2 throwing nets
Armour
 c - a +0 shield (worn)
 m - a +0 cloak (worn)
 n - a +2 helmet (worn)
 p - a +0 chain mail (worn)
Jewellery
 w - a +5 ring of slaying (left hand)
 B - a +3 amulet of reflection (around neck)
 D - an uncursed ring of fire
 E - a ring of protection from magic (right hand)
Wands
 a - a wand of paralysis (8)
 b - a wand of disintegration (14)
 j - a wand of iceblast (15)
 k - a wand of flame (14)
 t - a wand of polymorph (16)
 J - a wand of digging (2)
Scrolls
 q - 2 scrolls of teleportation
 v - a scroll of fog
 H - 3 scrolls of remove curse
 I - 2 scrolls of enchant weapon
Potions
 d - 2 potions of might
 e - 4 potions of brilliance
 g - 3 potions of berserk rage {unknown}
 h - a potion of agility
 i - 5 potions of flight {unknown}
 l - 3 potions of lignification
 r - 4 potions of curing
 s - a potion of degeneration {unknown}
 u - 2 potions of heal wounds {unknown}
 z - 2 potions of haste {unknown}
 A - a potion of cancellation {unknown}
 C - a potion of invisibility {unknown}
 G - 2 potions of mutation {unknown}
Comestibles
 f - 20 rations


   Skills:
 + Level 14.5 Fighting
 + Level 15.5 Axes
 + Level 10.3 Armour
 + Level 10.3 Shields


You had 12 spell levels left.
You didn't know any spells.
Your spell library contained the following spells:

 Spells                   Type           Power        Failure   Level  Hunger
 Animate Skeleton         Necr           N/A          99%         1    ##.....
 Apportation              Tloc           #.....       99%         1    ##.....
 Confusing Touch          Hex            #.....       99%         1    ##.....
 Flame Tongue             Conj/Fire      #....        99%         1    ##.....
 Pain                     Necr           #...         99%         1    ##.....
 Sandblast                Erth           #.....       99%         1    ##.....
 Summon Small Mammal      Summ           #...         99%         1    ##.....
 Passwall                 Tmut/Erth      #.......     99%         2    ###....
 Throw Flame              Conj/Fire      #.....       99%         2    ###....
 Conjure Flame            Conj/Fire      #.......     100%        3    ####...
 Inner Flame              Hex/Fire       #.......     100%        3    ####...
 Regeneration             Chrm/Necr      #.........   100%        3    ####...
 Stone Arrow              Conj/Erth      #.....       100%        3    ####...
 Vampiric Draining        Necr           #.........   100%        3    ####...
 Animate Dead             Necr           N/A          100%        4    #####..
 Petrify                  Tmut/Erth      #.......     100%        4    #####..
 Sticky Flame             Conj/Fire      #.......     100%        4    #####..
 Fireball                 Conj/Fire      #.........   100%        5    ######.
 Lee's Rapid Deconstruct  Erth           #.........   100%        5    ######.


Dungeon Overview and Level Annotations

Branches:
Dungeon (12/15)            Temple (1/1) D:7            Lair (0/6) D:11
    Orc (0/2) D:11

Altars:
Hepliaklqana
Okawaru
Ru
Uskayaw
Vehumet
The Shining One

Shops:
D:6 :**   D:7 [**


Message History

The centaur warrior zombie misses your orc knight.
The centaur warrior zombie barely misses your orc knight.
You block the meliai zombie's attack. x2
Okay, then.
Unknown command.
Okay, then.
Unknown command.
You slash the bone dragon!
You destroy the bone dragon!
Beogh accepts your kill.
Your Armour skill increases to level 10!
You have reached level 13!
Your orc knight looks more experienced.
Wargath looks more experienced.
You slice the meliai zombie!!
The wolf spider zombie hits your orc knight!
The wolf spider zombie bites your orc knight but does no damage.
The meliai zombie hits you.
* * * LOW HITPOINT WARNING * * *
The meliai zombie hits you.
You die...

#....#...+.###.##+#..#......
#....#......................
#....#....#############.....
######....#....#...#...#...#..###
..........####.'...'...'...#.....
#######........#...#...#...#.....
#........##########'##.....
#.....##.#.Z.#Z..#...#.....
#.....#..#@.ooZ.)#...#.....
#.....#..#...#Z..#...#.....
#...[.#))##'#######'##.....
#.....#.o#...#3..#...#.....
#####.....##)#...'...'...#....
...........#.#...#...#...#..#
...........#ยง#############..#
...........#................#
..........##....#....#+..##.#


You could see a wolf spider zombie, 2 centaur warrior zombies, a meliai zombie,
a friendly orc knight and the friendly Wargath the orc sorcerer.

Vanquished Creatures
  A bone dragon (D:12)
  A two-headed ogre (D:12)
  3 unseen horrors
  A deep elf mage (D:12)
  A cyclops (D:11)
  4 centaur zombies (D:12)
  Maurice (D:10)
  A hornet (D:10)
  A hippogriff (D:11)
  2 hogs (D:8)
  A wraith (D:10)
  A human (D:8)
  7 yaks
  A steam dragon (D:10)
  A warg (D:11)
  2 water moccasins
  4 orc warriors
  2 sky beasts (D:7)
  3 ice beasts
  A phantom (D:5)
  A necrophage (D:10)
  6 ogres
  8 centaurs
  A crocodile (D:10)
  A big kobold (D:11)
  8 bullfrogs
  A wyvern skeleton (D:12)
  6 scorpions
  16 wights
  3 howler monkeys
  3 crimson imps
  A hound (D:4)
  A quasit (D:12)
  3 jellies
  A bullfrog skeleton (D:4)
  4 orc priests
  2 iguanas
  Jessica (D:2)
  8 centaur skeletons
  13 orc wizards
  6 worker ants
  A killer bee zombie (D:7)
  A hound skeleton (D:11)
  Robin (D:4)
  2 howler monkey zombies (D:5)
  4 gnolls (D:4)
  11 adders
  3 shadow imps
  2 oozes (D:2)
  An adder zombie (D:7)
  3 adder skeletons
  2 worms (D:2)
  2 dart slugs
  5 leopard geckos
  21 orcs
  11 bats
  A giant cockroach (D:3)
  11 goblins
  11 hobgoblins
  2 jackals (D:1)
  7 kobolds
  2 quokkas
  A ball python (D:1)
  3 frilled lizards
  A leopard gecko skeleton (D:8)
  A leopard gecko zombie (D:6)
  A quokka skeleton (D:5)
  A quokka zombie (D:5)
  6 rats
251 creatures vanquished.

Vanquished Creatures (collateral kills)
  2 hydras
  3 two-headed ogres
  An unseen horror (D:10)
  Pikel (D:9)
  A centaur zombie (D:12)
  A gargoyle (D:12)
  3 centaur skeletons
  A redback zombie (D:12)
  A troll (D:12)
  2 hornets
  A meliai zombie (D:12)
  A wyvern (D:11)
  6 yaks
  2 hungry ghosts
  A hog (D:8)
  A wraith (D:11)
  A warg (D:11)
  A slave (D:9)
  2 orc warriors
  A necrophage (D:8)
  3 centaurs
  A crocodile (D:11)
  3 bullfrogs
  A scorpion (D:12)
  4 wights
  2 iguanas
  An orc wizard (D:11)
  3 worker ants
  A howler monkey zombie (D:11)
  3 orcs
  A quokka skeleton (D:8)
56 creatures vanquished.

Vanquished Creatures (others)
  2 orc priests (D:11)
  2 orc wizards (D:11)
  11 orcs
  A frilled lizard (D:3)
16 creatures vanquished.

Grand Total: 323 creatures vanquished

Notes
Turn   | Place    | Note
-------+----------+-------------------------------------------
     0 | D:1      | Faca the Hill Orc Fighter began the quest for the Orb.
     0 | D:1      | Reached XP level 1. HP: 19/19 MP: 1/1
   103 | D:1      | Reached skill level 3 in Axes
   230 | D:1      | Reached XP level 2. HP: 24/27 MP: 2/2
   825 | D:2      | Reached XP level 3. HP: 25/34 MP: 3/3
  1000 | D:2      | Noticed Jessica
  1005 | D:2      | Killed Jessica
  1005 | D:2      | Reached skill level 4 in Axes
  1005 | D:2      | Reached XP level 4. HP: 41/41 MP: 4/4
  1155 | D:2      | Reached skill level 5 in Fighting
  1643 | D:2      | You fall into a shaft and drop 1 floor!
  1706 | D:2      | Noticed a bullfrog
  1714 | D:2      | Killed a bullfrog
  1714 | D:2      | Reached skill level 5 in Axes
  1714 | D:2      | Reached XP level 5. HP: 24/50 MP: 5/5
  2165 | D:3      | Became a worshipper of Beogh the Brigand
  2585 | D:4      | Noticed Robin
  2587 | D:4      | Noticed an ogre
  2595 | D:4      | Reached XP level 6. HP: 50/57 MP: 6/6
  2601 | D:4      | Reached skill level 6 in Axes
  2601 | D:4      | Killed Robin
  2606 | D:4      | Reached skill level 7 in Axes
  2606 | D:4      | Reached XP level 7. HP: 23/66 MP: 7/7
  2608 | D:4      | Reached * piety under Beogh
  3499 | D:5      | Entered Level 5 of the Dungeon
  4051 | D:5      | Found a hazy altar of Hepliaklqana.
  4081 | D:5      | Reached skill level 8 in Axes
  4348 | D:5      | Found a glowing golden altar of the Shining One.
  4364 | D:5      | Found a hide-covered altar of Uskayaw.
  4374 | D:5      | Found a sacrificial altar of Ru.
  4408 | D:5      | Reached XP level 8. HP: 73/75 MP: 8/8
  5083 | D:6      | Reached skill level 9 in Axes
  5260 | D:6      | Found Nepnuera's Assorted Antiques.
  5263 | D:6      | Bought a golden potion for 20 gold pieces
  5263 | D:6      | Bought a scroll labeled GADABY TONE for 23 gold pieces
  5263 | D:6      | Bought a brown potion for 20 gold pieces
  5263 | D:6      | Bought a scroll labeled VEECITSONEPH for 23 gold pieces
  5263 | D:6      | Bought a scroll labeled RYNUSASEINU for 23 gold pieces
  5263 | D:6      | Bought a runed iron ring for 115 gold pieces
  5319 | D:6      | Found Uhougun's Book Shop.
  5418 | D:6      | Reached ** piety under Beogh
  5862 | D:6      | Found Tolilid's General Store.
  5970 | D:7      | Reached skill level 10 in Axes
  6022 | D:7      | Found a staircase to the Ecumenical Temple.
  6041 | D:7      | Reached skill level 10 in Fighting
  6041 | D:7      | Reached XP level 9. HP: 84/85 MP: 9/9
  6069 | D:7      | Reached skill level 11 in Axes
  6246 | Temple   | Entered the Ecumenical Temple
  6504 | D:7      | Found Codeax's General Store.
  6557 | D:7      | Reached *** piety under Beogh
  6630 | D:7      | Found Ivoij's Assorted Antiques.
  6638 | D:7      | Bought a notched ruby ring for 95 gold pieces
  6638 | D:7      | Bought a scroll labeled HUWKUI ETZEB for 19 gold pieces
  6638 | D:7      | Bought a scroll labeled QOAHOE TUYGABROF for 19 gold pieces
  6638 | D:7      | Bought a twisted brass amulet for 95 gold pieces
  6643 | D:7      | Found Nelyddah's Antique Armour Boutique.
  7125 | D:8      | Gained Learuk as an ally
  7172 | D:8      | Noticed a two-headed ogre
  7179 | D:8      | Killed a two-headed ogre
  7179 | D:8      | Reached skill level 12 in Axes
  7179 | D:8      | Reached XP level 10. HP: 41/96 MP: 10/10
  7492 | D:8      | Reached skill level 5 in Armour
  7492 | D:8      | Reached skill level 5 in Shields
  8248 | D:9      | Noticed Pikel
  8254 | D:9      | Killed Pikel
  8727 | D:10     | Entered Level 10 of the Dungeon
  8752 | D:10     | Reached **** piety under Beogh
  8753 | D:10     | Reached skill level 13 in Axes
  8770 | D:10     | Noticed Maurice
  8783 | D:10     | Killed Maurice
  8803 | D:10     | Reached XP level 11. HP: 105/105 MP: 11/11
  8827 | D:10     | Killed an unseen horror
  8925 | D:10     | Killed an unseen horror
  9178 | D:10     | Noticed a two-headed ogre
  9184 | D:10     | Killed a two-headed ogre
  9315 | D:10     | Noticed a two-headed ogre
  9324 | D:10     | Killed a two-headed ogre
  9724 | D:11     | Found an iron altar of Okawaru.
  9974 | D:11     | Noticed a cyclops
  9983 | D:11     | Killed a cyclops
 10086 | D:11     | Found a staircase to the Orcish Mines.
 10224 | D:11     | Found a staircase to the Lair.
 10237 | D:11     | Gained Beowulf as an ally
 10384 | D:11     | Reached skill level 14 in Axes
 10451 | D:11     | Reached ***** piety under Beogh
 10700 | D:11     | Noticed an eight-headed hydra
 10705 | D:11     | Killed an eight-headed hydra
 10723 | D:11     | Your ally Beowulf died
 10735 | D:11     | Killed an unseen horror
 11099 | D:11     | Gained Murdo as an ally
 11121 | D:11     | Reached XP level 12. HP: 58/115 MP: 12/12
 11488 | D:12     | Noticed a two-headed ogre
 11491 | D:12     | Killed a two-headed ogre
 11492 | D:12     | Gained Wargath as an ally
 11931 | D:12     | Noticed a six-headed hydra
 11935 | D:12     | Killed a seven-headed hydra
 12105 | D:12     | Paralysed by a hornet for 1 turns
 12207 | D:12     | Reached skill level 15 in Axes
 12420 | D:12     | Reached skill level 10 in Shields
 12462 | D:12     | Noticed a bone dragon
 12463 | D:12     | Found the +9 sword of Zonguldrok {reap}
 12483 | D:12     | HP: 3/118 [bone dragon (5)]
 12484 | D:12     | Killed a bone dragon
 12484 | D:12     | Reached skill level 10 in Armour
 12484 | D:12     | Reached XP level 13. HP: 4/125 MP: 13/13
 12484 | D:12     | Slain by a meliai zombie

Levels and vault maps discovered:
D:1:      evilmike_arrival_crescent, layout_loops_ring,
          chequers_serial_rivers_room_a
D:2:      layout_loops_cross, uniq_jessica
D:3:      layout_rooms
D:4:      layout_rooms, serial_forest, infiniplex_forest_clump_medium,
          infiniplex_forest_clump_medium, infiniplex_forest_clump_tiny,
          infiniplex_forest_clump_double, infiniplex_forest_pool,
          infiniplex_forest_clump_tiny, infiniplex_forest_lined_room_,
          infiniplex_forest_zigzag_2, infiniplex_forest_straight_3, st_stairs_9,
          uniq_robin
D:5:      layout_layer_cave, nicolae_overflow_quartered_altars, first_ration
D:6:      cheibrodos_quashed, layout_basic, serial_shops,
          nicolae_shop_behind_doors, nicolae_shop_window_shopping,
          nicolae_shop_behind_doors
D:7:      layout_cave_pools, minmay_temple_entry_drinking_statues, serial_shops,
          kennysheep_mini_moat, nicolae_shop_temple_entry_statues_fountains,
          kennysheep_mini
D:8:      layout_cave_pods, grunt_livestock, minmay_starry_boxes
D:9:      layout_loops_cross, uniq_pikel
D:10:     layout_cave_pods, uniq_maurice
D:11:     layout_loops_ring, erik_lair_orcish_takeover, orc_0_dummy,
          basic_altar, minivault_25_ag, minmay_puff
D:12:     layout_irregular_city, hangedman_abyss_or_decor_lesser_grid,
          solitary_fountain, minmay_guarded_unrand_zonguldrok
Temple:   compressed_dpeg_circular_temple

Skill      XL: |  1  2  3  4  5  6  7  8  9 10 11 12 |
---------------+-------------------------------------+-----
Axes           | 3 4 5 7 8 10 12 13 14 15 | 15.5
Fighting       | 4 5 6 7 8 10 11 12 13 14 | 14.5
Shields        | 4 6 8 10 | 10.3
Armour         | 4 6 8 10 | 10.3

Action                   |  1- 3 |  4- 6 |  7- 9 | 10-12 | 13-15 || total
-------------------------+-------+-------+-------+-------+-------++-------
Melee: War axe           |    70 |   152 |   313 |   380 |       ||   915
       Flail             |       |       |       |     1 |       ||     1
       Morningstar       |       |       |       |     2 |       ||     2
Invok: Convert to Beogh  |       |     1 |       |       |       ||     1
  Use: Potion            |       |     1 |       |     1 |       ||     2
       Scroll            |       |       |    13 |     4 |       ||    17
 Stab: Distracted        |       |       |       |     3 |       ||     3
  Eat: Chunk             |       |     6 |     8 |    12 |       ||    26
       Ration            |       |       |     2 |     2 |       ||     4
Armor: Scale mail        |    31 |    82 |     6 |       |       ||   119
       Chain mail        |       |       |   162 |   188 |       ||   350
Dodge: Dodged            |    22 |    66 |    50 |    69 |       ||   207
Block: Shield            |    41 |   105 |   125 |   235 |       ||   506
       Reflection        |       |       |       |     6 |       ||     6
